Match 42547064
Unlisted

Match 42547064
End
Construct Infanterie Kompanie
Selects Italian Coastal Battlegroup
Selects Coastal Reserves
Coastal Reserve
MG 42 Machine Gun Team
GrW 34 Mortar Team
Coastal Reserve
Construct Panzergrenadier Kompanie
Pak 40 Anti-tank Gun Team
Medical Bunker
Selects Support Bunkers
Selects Rapid Fortifications
Selects Designated Artillery Overwatch
Designated Artillery Overwatch
Pak 40 Anti-tank Gun Team
Selects Artillery Officer
Selects Artillery Officer
Artillery Officer
MG 42 Bunker
Construct Panzer Kompanie
Designated Artillery Overwatch
MG 42 Bunker
MG 42 Bunker
Selects Obice da 210/22 Artillery Emplacement
Designated Artillery Overwatch
Selects Bulwark
Panzergrenadier Officer Quarters
MG 42 Bunker
MG 42 Bunker
Numai but Polan
巨蟹座
Rice Cat
Доминик Декоко
HelloFriends :D
Tarkorotsu
wila
LittleFatty233
0
0

Comments sign in to comment!

No comments posted yet!